 Dungeon Crawl Stone Soup version 0.30-a0-462-gd5975efbca (webtiles) character file.

Game seed: 7631442415448364414

341426 cforsyth the Slayer (level 21, -8/212 (219) HPs)
             Began as an Armataur Gladiator on Dec 17, 2022.
             Was the Champion of Okawaru.
             Killed from afar by a deep elf sorcerer (21 damage)
             ... with a bolt of acid
             ... on level 3 of the Elven Halls.
             The game lasted 01:59:41 (57710 turns).

cforsyth the Slayer (Armataur Gladiator)           Turns: 57710, Time: 01:59:42

HP:   -8/212 (219)  AC: 45    Str: 30      XL:     21   Next: 9%
MP:   34/34         EV:  6    Int:  6 (12) God:    Okawaru [******]
Gold: 2675          SH: 18    Dex: 15      Spells: 36/39 levels left

rFire   + . .      SeeInvis .    n - +10 morningstar of Gallantry {vorpal, Str+5}
rCold   + + .      Faith    .    H - +2 kite shield {AC+3}
rNeg    + . .      Spirit   .    B - +8 chain mail of Qiackas {rPois Str+4 Int-3}
rPois   +          Reflect  +    c - +1 hat of Otemymoc {rElec rC++ Regen+ Str-3}
rElec   +          Harm     .    Q - +2 cloak {rPois}
rCorr   .          Roll     +    O - +5 pair of gloves of Olarghock {rPois rN+}
Will    +++..                    K - +4 barding "Avvucug" {Fly rPois Will+ Int+3}
Stlth   ..........               f - amulet of reflection
HPRegen 1.35/turn                g - ring of willpower
MPRegen 0.24/turn                N - ring of protection from fire

@: flying, studying Armour, lightly drained
A: large, rugged brown scales 3, deformed body, armoured tail, roll, long
tongue, awkward tongue
}: 2/15 runes: decaying, serpentine
a: Renounce Religion, Heroism, Finesse, Duel


You were on level 3 of the Elven Halls.
You worshipped Okawaru.
Okawaru was exalted by your worship.
You visited 8 branches of the dungeon, and saw 38 of its levels.
You visited 1 bazaar.
You also visited: Bailey, Gauntlet and Ice Cave.

You collected 4573 gold pieces.
You spent 1898 gold pieces at shops.

Inventory:

Hand Weapons
 n - the +10 morningstar of Gallantry (weapon) {vorpal, Str+5}
   (You bought it in a shop on level 1 of the Orcish Mines)

   It inflicts extra damage upon your enemies.
   Str:       It affects your strength (+5).
Missiles
 d - 2 silver javelins
 e - 32 javelins (quivered)
 C - 3 atropa-tipped darts
Armour
 c - the +1 hat of Otemymoc (worn) {rElec rC++ Regen+ Str-3}
   (Okawaru gifted it to you on level 1 of the Snake Pit)

   Str:       It affects your strength (-3).
   rC:        It greatly protects you from cold.
   rElec:     It insulates you from electricity.
   Regen:     It increases your rate of health regeneration.
 B - the +8 chain mail of Qiackas (worn) {rPois Str+4 Int-3}
   (You took it off an orc on level 7 of the Dungeon)

   Str:       It affects your strength (+4).
   Int:       It affects your intelligence (-3).
   rPois:     It protects you from poison.
 H - a +2 kite shield of protection (worn)
 J - a +2 pair of gloves of hurling
 K - the +4 barding "Avvucug" (worn) {Fly rPois Will+ Int+3}
   (Okawaru gifted it to you on level 3 of the Swamp)

   Int:       It affects your intelligence (+3).
   rPois:     It protects you from poison.
   Fly:       It grants you flight.
   Will:      It increases your willpower.
 O - the +5 pair of gloves of Olarghock (worn) {rPois rN+}
   (Okawaru gifted it to you on level 1 of the Elven Halls)

   rPois:     It protects you from poison.
   rN:        It protects you from negative energy.
 Q - a +2 cloak of poison resistance (worn)
Jewellery
 f - an amulet of reflection (around neck)
 g - a ring of willpower (left hand)
 q - a ring of resist corrosion
 A - a ring of see invisible
 N - a ring of protection from fire (right hand)
 R - a ring of positive energy
Wands
 x - a wand of polymorph (18)
 y - a wand of digging (5)
 z - a wand of mindburst (16)
 G - a wand of flame (72)
 M - a wand of iceblast (30)
 P - a wand of paralysis (17)
 W - a wand of quicksilver (32)
Scrolls
 a - 3 scrolls of magic mapping
 i - 11 scrolls of vulnerability
 j - 15 scrolls of teleportation
 o - 5 scrolls of enchant weapon
 r - 2 scrolls of poison
 u - 4 scrolls of enchant armour
 w - 7 scrolls of fog
 L - 8 scrolls of fear
 U - 3 scrolls of silence
 X - 6 scrolls of blinking
 Y - 5 scrolls of immolation
 Z - 2 scrolls of amnesia
Potions
 b - 9 potions of ambrosia
 h - 4 potions of might
 k - 5 potions of haste
 l - 8 potions of curing
 m - 9 potions of mutation
 p - 3 potions of magic
 t - 7 potions of lignification
 v - 10 potions of attraction
 D - 5 potions of brilliance
 E - 4 potions of invisibility
 S - 3 potions of berserk rage
 T - 3 potions of resistance
 V - a potion of cancellation
Miscellaneous
 s - a phial of floods
 I - a phantom mirror


   Skills:
 + Level 21.6 Fighting
 - Level 16.0 Maces & Flails
 - Level 10.9 Throwing
 - Level 15.0 Armour
 - Level 4.1 Dodging
 - Level 10.0 Shields
 + Level 9.5 Spellcasting
 - Level 10.0 Translocations
 + Level 13.5 Invocations


You had 36 spell levels left.
You knew the following spells:

 Your Spells              Type           Power      Damage    Failure   Level
a - Vhi's Electric Charg  Tloc/Air       16%        N/A       41%         3

Your spell library contained the following spells:

 Spells                   Type           Power      Damage    Failure   Level
 Apportation              Tloc           28%        N/A       1%          1
 Blink                    Tloc           28%        N/A       2%          2
 Gell's Gravitas          Tloc           14%        N/A       5%          3
 Lesser Beckoning         Tloc           28%        N/A       5%          3
 Teleport Other           Tloc           14%        N/A       5%          3
 Manifold Assault         Tloc           14%        N/A       19%         4
 Portal Projectile        Hex/Tloc       16%        N/A       41%         3
 Kindle Blastsparks       Fire/Tloc/Air  12%        2d11      65%         3
 Kiss of Death            Conj/Necr      8%         2d6       75%         1
 Magic Dart               Conj           8%         1d3       75%         1
 Necrotise                Necr           8%         1d4       75%         1
 Sandblast                Erth           4%         2d4       75%         1
 Shock                    Conj/Air       8%         1d3       75%         1
 Slow                     Hex            8%         N/A       75%         1
 Iskenderun's Mystic Bla  Conj/Tloc      8%         2d4       82%         4
 Cigotuvi's Dreadful Rot  Necr/Pois/Air  4%         N/A       86%         2
 Ensorcelled Hibernation  Hex/Ice        4%         N/A       86%         2
 Passwall                 Tmut/Erth      1%         N/A       86%         2
 Poisonous Vapours        Pois/Air       4%         N/A       86%         2
 Static Discharge         Conj/Air       4%         2-3/arc   86%         2
 Sublimation of Blood     Necr           2%         N/A       86%         2
 Wereblood                Tmut           2%         N/A       86%         2
 Dispersal                Tloc           7%         N/A       96%         6
 Confusing Touch          Hex            2%         N/A       98%         3
 Dazzling Flash           Conj/Hex       4%         N/A       98%         3
 Hailstorm                Conj/Ice       2%         3d3       98%         3
 Ignite Poison            Fire/Tmut/Pois 2%         N/A       98%         3
 Mephitic Cloud           Conj/Pois/Air  2%         N/A       98%         3
 Stone Arrow              Conj/Erth      4%         3d7       98%         3
 Swiftness                Air            2%         N/A       98%         3
 Vampiric Draining        Necr           2%         2d6       98%         3
 Airstrike                Air            1%         2d(1-17)  100%        4
 Ice Form                 Ice/Tmut       2%         N/A       100%        4
 Leda's Liquefaction      Hex/Erth       1%         N/A       100%        4
 Petrify                  Tmut/Erth      2%         N/A       100%        4
 Agony                    Necr           2%         N/A       100%        5
 Arcjolt                  Conj/Air       1%         1d11      100%        5
 Blade Hands              Tmut           1%         N/A       100%        5
 Borgnjor's Vile Clutch   Necr/Erth      1%         N/A       100%        5
 Freezing Cloud           Conj/Ice/Air   1%         6-21      100%        5
 Irradiate                Conj/Tmut      1%         3d12      100%        5
 Lightning Bolt           Conj/Air       1%         1d12      100%        5
 Metabolic Englaciation   Hex/Ice        1%         N/A       100%        5
 Conjure Ball Lightning   Conj/Air       1%         3x3d6     100%        6
 Starburst                Conj/Fire      1%         6d3       100%        6
 Statue Form              Tmut/Erth      1%         N/A       100%        6
 Dragon Form              Tmut           1%         N/A       100%        7
 Storm Form               Tmut/Air       1%         N/A       100%        7
 Discord                  Hex            1%         N/A       100%        8
 Disjunction              Tloc           7%         N/A       100%        8
 Chain Lightning          Conj/Air       1%         3d1       100%        9
 Death's Door             Necr           1%         N/A       100%        9
 Fire Storm               Conj/Fire      1%         7d1       100%        9
 Shatter                  Erth           1%         3d5*      100%        9
 Summon Small Mammal      Summ           Unusable   N/A       N/A         1
 Call Imp                 Summ           Unusable   N/A       N/A         2
 Call Canine Familiar     Summ           Unusable   N/A       N/A         3
 Summon Guardian Golem    Hex/Summ       Unusable   N/A       N/A         3
 Animate Dead             Necr           Unusable   N/A       N/A         4
 Death Channel            Necr           Unusable   N/A       N/A         6
 Simulacrum               Ice/Necr       Unusable   N/A       N/A         6
 Summon Hydra             Summ           Unusable   N/A       N/A         7

Dungeon Overview and Level Annotations

Branches:
Dungeon (15/15)            Temple (1/1) D:4            Lair (5/5) D:10
  Swamp (4/4) Lair:3        Snake (4/4) Lair:2        Slime (0/5) Lair:5
    Orc (2/2) D:11            Elf (3/3) Orc:2        Vaults (4/5) D:14
  Crypt (0/3) Vaults:3     Depths (0/4) D:15         Bailey (visited)
  IceCv (visited)         Gauntlet (visited)

Altars:
Ashenzari
Cheibriados
Dithmenos
Elyvilon
Fedhas
Gozag
Hepliaklqana
Kikubaaqudgha
Makhleb
Nemelex Xobeh
Okawaru
Qazlal
Ru
Sif Muna
Trog
Uskayaw
Vehumet
Wu Jian
Xom
Yredelemnul
Zin
The Shining One

Shops:
D:3 ?   D:4 (!!?(   D:8 [   Orc:1 (   Orc:2 (*:![   Elf:3 [   Snake:2 *(:[
Snake:3 =::   Vaults:4 (

Portals:
Trove: Vaults:4 (give 14 scrolls of teleportation)

Annotations:
D:14 3 runed translucent doors
Vaults:4 2 runed translucent doors, Olyjoun's ghost, adept GnHW; Ulaemata's ghost, adept HaHu


Innate Abilities, Weirdness & Mutations

You are completely covered in rugged brown scales. (AC +3, +7% HP)
Armour fits poorly on your strangely shaped body.
You have a long armoured tail.
You roll when moving toward enemies. (Rampage)
Your long tongue fully drains potion bottles. (2x potion effects)
Your tongue gives you trouble enunciating. (1.5x scroll delay)


Message History

Something smites you!
You sock the deep elf high priest!
The deep elf high priest is heavily wounded.
You feel sick.
You block the deep elf sorcerer's attack.
The deep elf sorcerer casts a spell at you.
You resist with almost no effort.
You bludgeon the deep elf sorcerer!! You tail-slap the deep elf sorcerer.
The deep elf sorcerer is heavily wounded.
You feel sick.
The deep elf sorcerer casts a spell at you.
The bolt of acid hits you but does no damage.
The deep elf sorcerer points at you and mumbles some strange words.
The bolt of acid hits you!!!
* * * LOW HITPOINT WARNING * * *
You puncture the deep elf sorcerer!
The deep elf sorcerer is severely wounded.
You feel sick.
You are no longer poisoned.
The deep elf sorcerer hits you but does no damage. x2
Unknown command.
You hit the deep elf sorcerer but do no damage.
The deep elf sorcerer is severely wounded.
The deep elf sorcerer points at you and mumbles some strange words.
The bolt of acid hits you!!
* * * LOW HITPOINT WARNING * * *
You block the deep elf sorcerer's attack.
A +5 vorpal hand axe comes into view.
Unknown command.
Okay, then.
As you slowly read the scroll of fear, it crumbles to dust.
You assume a fearsome visage.
The deep elf sorcerer looks frightened!
The deep elf sorcerer resists with almost no effort.
The deep elf high priest looks frightened!
The +5 vorpal hand axe is unaffected.
The deep elf sorcerer gestures at you while chanting.
The bolt of acid misses you.
The deep elf sorcerer points at you and mumbles some strange words.
The bolt of acid hits you!!
You die...

..(### ...... ..#...
.... ... ##.##
##e(e# #.@)e# #)).##
#### #...# ###..#
###.## ###....#
##...## #......#
##.....##
.......#####.......#
#......'...')......#
##'....#####.......#


You could see 2 deep elf sorcerers, a deep elf high priest (brilliance aura,
fleeing) and a +5 vorpal hand axe.

Vanquished Creatures
  Mennas (Vaults:2)
  Frederick (Vaults:4)
  Margery (Vaults:3)
  Saint Roka (Vaults:3)
  A tentacled monstrosity (Swamp:3)
  An Ice Fiend (IceCv)
  A deep elf blademaster (Elf:2)
  A titan (Vaults:1)
  A deep elf master archer (Elf:3)
  Agnes (Snake:1)
  3 sphinxes (Vaults:4)
  Kirke (D:12)
  3 thorn hunters (Swamp:4)
  The ghost of jfcaron the Severer, an adept HOHs of Okawaru (Snake:2)
  7 nagarajas
  4 deep elf sorcerers
  12 vault wardens
  An orc warlord (Vaults:3)
  A ghoul (Vaults:3)
  4 very ugly things (Vaults:1)
  A deep elf elementalist (Elf:3)
  9 ironbound preservers
  2 war gargoyles
  2 vampire knights (Swamp:4)
  A hydra skeleton (Swamp:4)
  6 ironbound thunderhulks
  2 deep elf annihilators (Elf:1)
  4 eleionomae
  2 deep elf demonologists (Elf:3)
  20 dire elephants
  A minotaur (Gauntlet)
  3 bunyips
  A crystal guardian (Vaults:3)
  2 ettins
  A deep elf death mage (Elf:3)
  A fire dragon (D:15)
  2 deep elf high priests
  A shambling mangrove (Swamp:4)
  5 great orbs of eyes
  9 yaktaur captains
  Josephine (D:14)
  An ice dragon (D:15)
  13 vault guards
  An ogre mage (Orc:1)
  2 peacekeepers
  A ghost crab (Swamp:3)
  10 hydras
  4 merfolk avatars (Swamp:4)
  2 catoblepae
  5 ironbound frosthearts
  6 anacondas
  21 centaur warriors
  3 death yaks (Lair:5)
  10 naga warriors
  7 boulder beetles
  14 alligators
  29 dancing weapons
  6 two-headed ogres
  A shock serpent (shapeshifter) (D:14)
  A vampire mage (Vaults:3)
  A deep troll shaman (Lair:5)
  Urug (D:12)
  10 shock serpents
  16 naga sharpshooters
  5 orc high priests (Orc:2)
  6 hell knights
  18 deep elf knights
  2 skeletal warriors (Vaults:3)
  4 salamander mystics
  7 goliath frogs
  6 naga ritualists
  11 swamp dragons
  6 bog bodies
  3 sea snakes (Snake:3)
  6 deep elf archers
  3 spriggan druids (Swamp:4)
  2 spectral hydras (Swamp:4)
  27 deep trolls
  6 spriggan simulacra (IceCv)
  6 orc knights
  An obsidian statue (IceCv)
  5 wizards
  15 ironbound convokers
  A phantasmal warrior (Swamp:4)
  9 lindwurms
  23 deep elf pyromancers
  2 necromancers (Vaults:2)
  12 ugly things
  22 deep elf zephyrmancers
  6 harpies
  4 cyclopes
  6 mana vipers
  4 orc sorcerers
  4 manticores
  A will-o-the-wisp (Swamp:3)
  4 oklob plants
  8 salamanders
  8 elephants
  27 naga magi
  36 black mambas
  4 molten gargoyles (Elf:2)
  A guardian serpent (Snake:4)
  2 ice statues (Snake:1)
  9 vault sentinels
  12 cane toads
  A torpor snail (Lair:4)
  4 unseen horrors
  10 komodo dragons
  2 kobold demonologists
  3 rime drakes
  4 anaconda simulacra (IceCv)
  13 ice devils (IceCv)
  2 efreet (D:14)
  4 freezing wraiths (IceCv)
  30 yaktaurs
  2 hydra zombies (Swamp:4)
  3 meliai (D:12)
  A queen bee (D:12)
  12 tyrant leeches
  4 hornets
  8 trolls
  4 death drake zombies (Swamp:4)
  4 polar bears
  2 bloated husks
  10 blink frogs (Lair:4)
  A raiju (Gauntlet)
  11 slime creatures
  A jumping spider (shapeshifter) (D:13)
  12 dream sheep
  A stone giant simulacrum (Vaults:2)
  2 vampires
  2 shadows
  An air elemental (Elf:1)
  12 wyverns
  A spriggan (Swamp:2)
  A dire elephant simulacrum (IceCv)
  A culicivora (shapeshifter) (D:15)
  4 water elementals
  59 yaks
  6 wraiths
  7 basilisks
  7 minotaur simulacra (IceCv)
  2 fire elementals
  7 hogs
  7 vampire mosquitoes
  46 nagas
  A steam dragon (Gauntlet)
  A harpy simulacrum (IceCv)
  17 swamp worms
  13 wargs
  21 water moccasins
  6 hydra simulacra
  6 acid dragons
  A glowing shapeshifter zombie (Vaults:2)
  An ice beast (D:7)
  8 swamp drakes
  34 orc warriors
  3 alligator simulacra (IceCv)
  3 black bears
  An ettin simulacrum (IceCv)
  The ghost of holysushi the Poker, an amateur HOGl (D:3)
  2 swamp dragon zombies (Swamp:4)
  21 wolves
  6 ogres
  5 boggarts (Vaults:2)
  6 centaurs
  2 swamp dragon skeletons (Swamp:4)
  11 kobold brigands
  A necrophage (D:8)
  15 bullfrogs
  3 gnoll sergeants
  5 scorpions
  A water moccasin zombie (D:5)
  2 deep troll simulacra (IceCv)
  9 wights
  31 killer bees
  A lindwurm simulacrum (IceCv)
  3 howler monkeys
  2 electric eels (Lair:2)
  2 bullfrog zombies (D:5)
  2 jellies
  4 gnoll boudas
  2 human zombies
  38 orc priests
  3 hounds
  An iguana (D:3)
  A scorpion zombie (D:5)
  Natasha (thrice) (D:4)
  13 orc wizards
  3 hound zombies (D:5)
  A mummy (D:5)
  22 gnolls
  11 adders
  3 shadow imps (D:5)
  2 ufetubi
  An adder zombie (D:5)
  4 worms
  3 dart slugs
  104 orcs
  9 ball pythons
  4 endoplasms
  3 giant cockroaches
  9 goblins
  3 hobgoblins
  2 jackals (D:3)
  28 kobolds
  5 quokkas
  8 bats
  5 frilled lizards
  7 rats
1495 creatures vanquished.

Vanquished Creatures (others)
  A deep elf knight (Elf:2)
  A deep elf pyromancer (Elf:1)
  2 deep elf zephyrmancers
  2 bloated husks
  A vampire (D:7)
  A vampire mosquito (Swamp:1)
  3 briar patches (Swamp:4)
  3 bushes (D:10)
  A demonic plant (Gauntlet)
  7 foxfires (Swamp:3)
  32 fungi
  98 plants
152 creatures vanquished.

Grand Total: 1647 creatures vanquished

Notes
Turn   | Place    | Note
-------+----------+-------------------------------------------
     0 | D:1      | cforsyth the Armataur Gladiator began the quest for the
                  | Orb.
     0 | D:1      | Reached XP level 1. HP: 18/18 MP: 1/1
   191 | D:1      | Reached skill level 2 in Fighting
   191 | D:1      | Reached XP level 2. HP: 25/25 MP: 2/2
  1025 | D:2      | Reached XP level 3. HP: 25/31 MP: 3/3
  1404 | D:2      | Reached XP level 4. HP: 39/39 MP: 4/4
  1652 | D:3      | Identified the +3 whip of Ereuluceor {drain, Str+3}
  1747 | D:3      | Reached XP level 5. HP: 44/47 MP: 5/5
  1781 | D:3      | Noticed an ogre
  1790 | D:3      | Killed an ogre
  1791 | D:3      | Reached skill level 3 in Fighting
  1818 | D:3      | Found Sefogis's Magic Scroll Shop.
  1834 | D:3      | Bought a scroll of enchant weapon for 82 gold pieces
  1834 | D:3      | Bought a scroll of identify for 22 gold pieces
  1950 | D:3      | Found a transporter.
  1950 | D:3      | Found a transporter.
  2069 | D:3      | Reached XP level 6. HP: 54/54 MP: 6/6
  2107 | D:3      | Noticed holysushi's ghost (amateur HOGl)
  2336 | D:4      | Found a staircase to the Ecumenical Temple.
  2363 | Temple   | Entered the Ecumenical Temple
  2636 | D:4      | Found Emetapp's Magic Scroll Emporium.
  2644 | D:4      | Bought a scroll of teleportation for 42 gold pieces
  2678 | D:4      | Found Munifuerph's Distillery.
  2685 | D:4      | Found Hiucs's Distillery.
  2974 | D:4      | Noticed Natasha
  2977 | D:4      | Killed Natasha
  3140 | D:4      | Found Qyuckuok's Weapon Shop.
  3201 | D:4      | Found Effecymo's Weapon Emporium.
  3249 | D:4      | Noticed Natasha
  3253 | D:4      | Killed Natasha
  3365 | D:5      | Entered Level 5 of the Dungeon
  3423 | D:5      | Found a transporter.
  3429 | D:5      | Reached XP level 7. HP: 60/62 MP: 7/7
  3756 | D:5      | Found a transporter.
  4065 | D:5      | Reached skill level 4 in Fighting
  4398 | D:4      | Noticed Natasha
  4412 | D:4      | Killed Natasha
  5811 | D:6      | Reached skill level 5 in Maces & Flails
  5811 | D:6      | Reached XP level 8. HP: 38/71 MP: 8/8
  6387 | D:6      | Reached skill level 1 in Armour
  6752 | D:6      | You fall into a shaft and drop 2 floors!
  6754 | D:8      | Noticed a centaur warrior
  6774 | D:7      | Reached skill level 5 in Fighting
  7000 | D:7      | Found a flagged portal.
  7022 | D:7      | Reached skill level 5 in Throwing
  7029 | Bailey   | Entered a bailey
  7772 | Bailey   | Reached XP level 9. HP: 43/79 MP: 9/9
  7789 | Bailey   | Noticed an orc knight
  7803 | Bailey   | Killed an orc knight
  7804 | Bailey   | Reached skill level 6 in Fighting
  7804 | Bailey   | Reached skill level 5 in Armour
  7806 | Bailey   | Found a burning altar of Makhleb.
  7819 | Bailey   | Got the Exposition on Impurities and the Dead
  8277 | D:5      | Found an ancient bone altar of Kikubaaqudgha.
  8913 | D:7      | Identified the +8 chain mail of Qiackas {rPois Str+4 Int-3}
  9154 | D:7      | Noticed a troll
  9154 | D:7      | Noticed a cyclops
  9159 | D:7      | Found a runed translucent door.
  9354 | D:7      | Reached XP level 10. HP: 82/89 MP: 10/10
  9377 | D:7      | Noticed a deep elf pyromancer
  9903 | D:8      | Killed a centaur warrior
  9904 | D:8      | Reached skill level 7 in Fighting
 10635 | D:8      | Found Jijo Highe's Superior Scales.
 10702 | D:9      | Noticed a red ugly thing
 10878 | D:8      | Killed a red ugly thing
 12201 | D:9      | Identified the +6 long sword "Poniol" {flame, rElec rC++
                  | Dex+4 Stlth+}
 12789 | D:9      | Found a white marble altar of Elyvilon.
 13148 | D:8      | Reached skill level 8 in Fighting
 13367 | D:9      | Reached XP level 11. HP: 94/100 MP: 11/11
 13663 | D:7      | Noticed a boulder beetle
 13685 | D:7      | Killed a boulder beetle
 13869 | D:7      | Killed a deep elf pyromancer
 14061 | D:7      | Noticed a boulder beetle
 14094 | D:7      | Killed a boulder beetle
 14557 | D:7      | Identified the +3 ring mail "Gutodos" {rElec rCorr Dex+2}
 14767 | D:10     | Entered Level 10 of the Dungeon
 15624 | D:10     | Noticed a two-headed ogre
 15638 | D:10     | Found an iron altar of Okawaru.
 16727 | D:10     | Reached skill level 9 in Fighting
 16741 | D:10     | Reached skill level 10 in Armour
 17031 | D:10     | Became a worshipper of Warmaster Okawaru
 17250 | D:3      | Killed holysushi's ghost
 17254 | D:3      | Paralysed by a gnoll for 3 turns
 17558 | D:10     | Found a staircase to the Lair.
 17586 | D:10     | Found a shadowy altar of Dithmenos.
 17731 | D:10     | Killed a two-headed ogre
 17732 | D:10     | Reached skill level 1 in Shields
 18160 | D:11     | Reached * piety under Okawaru
 18387 | D:11     | Reached XP level 12. HP: 102/111 MP: 12/12
 18598 | D:11     | Found a staircase to the Orcish Mines.
 19035 | D:12     | Noticed Urug
 19505 | D:12     | Noticed a centaur warrior
 19553 | Lair:1   | Entered Level 1 of the Lair of Beasts
 20076 | Lair:1   | Reached ** piety under Okawaru
 20335 | Lair:1   | Noticed a catoblepas
 20405 | Lair:1   | Killed a catoblepas
 20821 | Lair:1   | Reached skill level 10 in Maces & Flails
 21037 | Lair:2   | Found a staircase to the Snake Pit.
 21054 | Lair:2   | Reached *** piety under Okawaru
 21460 | Lair:2   | Reached skill level 10 in Throwing
 21467 | Lair:2   | Reached skill level 10 in Fighting
 21606 | Lair:2   | You fall into a shaft and drop 2 floors!
 21653 | Lair:4   | Reached **** piety under Okawaru
 21656 | Lair:4   | Found a hide-covered altar of Uskayaw.
 21661 | Lair:4   | Reached skill level 5 in Shields
 21666 | Lair:4   | Noticed a boulder beetle
 21685 | Lair:4   | Killed a boulder beetle
 22119 | Lair:4   | Reached XP level 13. HP: 115/120 MP: 13/13
 22150 | Lair:4   | Reached ***** piety under Okawaru
 22371 | Lair:4   | Received a gift from Okawaru
 23212 | Lair:4   | Found an ornate altar of the Wu Jian Council.
 23266 | Lair:4   | Received a gift from Okawaru
 24769 | Lair:3   | Found a staircase to the Swamp.
 25255 | Lair:4   | Received a gift from Okawaru
 25278 | Lair:4   | Identified the +6 rapier of Zin's Delight {freeze, *Noise
                  | *Corrode rElec Dex+8}
 25613 | Lair:5   | Entered Level 5 of the Lair of Beasts
 26155 | Lair:5   | Received a gift from Okawaru
 26419 | Lair:5   | Reached skill level 11 in Fighting
 26424 | Lair:5   | Reached skill level 15 in Armour
 26717 | Lair:5   | Found a staircase to the Slime Pits.
 26775 | Lair:5   | Received a gift from Okawaru
 27388 | Lair:5   | Reached XP level 14. HP: 115/132 MP: 14/14
 28032 | Lair:5   | Identified a scroll of acquirement
 28046 | Lair:5   | Acquired the +1 barding "Xacynysh" {rElec Str+3}
 28358 | Orc:1    | Entered Level 1 of the Orcish Mines
 28698 | Orc:1    | Found Ahuykama's Weapon Boutique.
 28704 | Orc:1    | Bought the +10 morningstar of Gallantry {vorpal, Str+5} for
                  | 882 gold pieces
 28801 | Orc:1    | Reached ****** piety under Okawaru
 28820 | Orc:1    | Identified the +4 barding of Mairoqi {Fly Will+} (Okawaru
                  | gifted it to you on level 1 of the Orcish Mines)
 28820 | Orc:1    | Received a gift from Okawaru
 29351 | Orc:2    | Entered Level 2 of the Orcish Mines
 29479 | Orc:2    | Found Kicanlea's Distillery.
 29492 | Orc:2    | Reached skill level 12 in Fighting
 29656 | Orc:2    | Bought a potion of haste for 120 gold pieces
 29656 | Orc:2    | Bought a potion of heal wounds for 60 gold pieces
 29660 | Orc:2    | Found Archobou's Antique Armour Shoppe.
 29804 | Orc:2    | Found a staircase to the Elven Halls.
 29818 | Orc:2    | Found Raatiom's Book Emporium.
 30513 | Orc:2    | Found Sasouja's Weapon Shop.
 30853 | Orc:2    | Found Fusoxihe's General Store.
 31317 | D:12     | Noticed Kirke
 31351 | D:12     | Reached skill level 10 in Shields
 31616 | D:12     | Killed Kirke
 31824 | D:12     | Killed Urug
 32007 | D:12     | Received a gift from Okawaru
 32798 | D:13     | Found a gate leading to a gauntlet.
 32805 | Gauntlet | Entered a Gauntlet
 32805 | Gauntlet | Found a transporter.
 32812 | Gauntlet | Found a transporter.
 32814 | Gauntlet | Found a transporter.
 32828 | Gauntlet | Found a transporter.
 32836 | Gauntlet | Found a transporter.
 32857 | Gauntlet | Found a transporter.
 32867 | Gauntlet | Found a transporter.
 32871 | Gauntlet | Found a runed translucent door.
 32879 | Gauntlet | Found a transporter.
 32880 | Gauntlet | Found a runed translucent door.
 32894 | Gauntlet | Found a runed translucent door.
 32898 | Gauntlet | Found a transporter.
 32910 | Gauntlet | Found a runed translucent door.
 32912 | Gauntlet | Found a transporter.
 32912 | Gauntlet | Found a transporter.
 32915 | Gauntlet | Found a runed translucent door.
 32976 | Gauntlet | Found a transporter.
 32976 | Gauntlet | Found a transporter.
 32978 | Gauntlet | Found a transporter.
 33150 | Gauntlet | Identified the +3 scale mail of the Will of the Gods
                  | {Dex+4} (Okawaru gifted it to you in a Gauntlet)
 33150 | Gauntlet | Received a gift from Okawaru
 33375 | Gauntlet | Identified the +0 helmet "Usifri" {Harm Str+2}
 33763 | D:13     | Reached skill level 13 in Fighting
 33763 | D:13     | Reached XP level 15. HP: 144/144 MP: 15/15
 34991 | D:14     | Reached skill level 1 in Invocations
 35003 | D:14     | Found a runed translucent gate.
 35105 | D:14     | Identified the +5 rapier of Moderation {drain, rElec rN+
                  | Dex+2}
 35355 | D:14     | Found a gate to the Vaults.
 35365 | D:14     | Found a runed translucent gate.
 35365 | D:14     | Found a runed translucent gate.
 35392 | D:14     | Noticed Josephine
 35397 | D:14     | Killed Josephine
 35733 | D:15     | Entered Level 15 of the Dungeon
 36156 | D:15     | Found a staircase to the Depths.
 36558 | D:15     | Found a blossoming altar of Fedhas.
 36997 | Snake:1  | Entered Level 1 of the Snake Pit
 37109 | Snake:1  | Identified the +1 hat of Otemymoc {rElec rC++ Regen+ Str-3}
                  | (Okawaru gifted it to you on level 1 of the Snake Pit)
 37109 | Snake:1  | Received a gift from Okawaru
 37265 | Snake:1  | Reached skill level 5 in Invocations
 37273 | Snake:1  | Reached skill level 14 in Fighting
 37286 | Snake:1  | Found a frozen archway.
 37342 | Snake:1  | Noticed Agnes
 37358 | Snake:1  | Killed Agnes
 37396 | IceCv    | Entered an ice cave
 37792 | IceCv    | Noticed an Ice Fiend
 37852 | IceCv    | Killed an Ice Fiend
 37907 | IceCv    | Reached XP level 16. HP: 157/157 MP: 20/20
 37963 | IceCv    | Identified the +3 barding of the Yeti {*Slow Regen+ rCorr
                  | Int+5} (Okawaru gifted it to you in an ice cave)
 37963 | IceCv    | Received a gift from Okawaru
 38332 | IceCv    | Identified the +0 pair of boots of Hedge Wizardry {rPois
                  | rF+ rN+ Str-4}
 38714 | Snake:2  | Found Herisifa's General Store.
 38715 | Snake:2  | Found Roconnymne's Weapon Boutique.
 38715 | Snake:2  | Found Tostett's Book Boutique.
 38720 | Snake:2  | Found Godil's Armour Boutique.
 39067 | Snake:2  | Found a runed translucent door.
 39072 | Snake:2  | Noticed jfcaron's ghost (adept HOHs)
 39906 | Snake:2  | Killed jfcaron's ghost
 39989 | Snake:3  | Reached skill level 15 in Maces & Flails
 40247 | Snake:4  | Entered Level 4 of the Snake Pit
 40385 | Snake:4  | Reached skill level 15 in Fighting
 40519 | Snake:4  | Received a gift from Okawaru
 41049 | Snake:3  | Found Kuoz's Book Shop.
 41050 | Snake:3  | Found Zaqeor's Jewellery Shoppe.
 41052 | Snake:3  | Found Tuetom's Book Shop.
 41313 | Snake:4  | Reached skill level 1 in Translocations
 41321 | Snake:4  | Received a gift from Okawaru
 41325 | Snake:4  | Reached skill level 1 in Spellcasting
 41787 | Snake:4  | Received a gift from Okawaru
 41807 | Snake:3  | HP: 7/159 [poisoned by a nagaraja (bolt of poison)]
 42230 | Snake:4  | Reached XP level 17. HP: 59/166 MP: 23/23
 43224 | Snake:3  | Received a gift from Okawaru
 43504 | Snake:4  | Got a serpentine rune of Zot
 43761 | Swamp:1  | Entered Level 1 of the Swamp
 44071 | Swamp:1  | Reached skill level 10 in Invocations
 44785 | Swamp:2  | Reached skill level 5 in Translocations
 44876 | Swamp:2  | Received a gift from Okawaru
 45066 | Swamp:3  | Reached skill level 16 in Fighting
 45373 | Swamp:3  | Identified the +4 barding "Avvucug" {Fly rPois Will+ Int+3}
                  | (Okawaru gifted it to you on level 3 of the Swamp)
 45373 | Swamp:3  | Received a gift from Okawaru
 45492 | Swamp:3  | Reached skill level 5 in Spellcasting
 45663 | Swamp:3  | Noticed a tentacled monstrosity
 45686 | Swamp:3  | Killed a tentacled monstrosity
 45786 | Swamp:4  | Entered Level 4 of the Swamp
 46362 | Swamp:4  | Reached skill level 17 in Fighting
 46465 | Swamp:4  | Reached XP level 18. HP: 180/180 MP: 25/25
 46719 | Swamp:4  | Found a blossoming altar of Fedhas.
 46740 | Swamp:4  | Received a gift from Okawaru
 46809 | Swamp:4  | Found a basalt altar of Yredelemnul.
 47184 | Swamp:4  | Got a decaying rune of Zot
 47433 | Vaults:1 | Entered Level 1 of the Vaults
 47486 | Vaults:1 | Reached skill level 18 in Fighting
 47812 | Vaults:1 | HP: 5/185 [ettin/+0 dire flail (24)]
 48199 | Vaults:1 | Reached skill level 19 in Fighting
 48387 | Vaults:1 | Received a gift from Okawaru
 48614 | Vaults:1 | Received a gift from Okawaru
 48781 | Vaults:1 | Received a gift from Okawaru
 48896 | Vaults:1 | Reached skill level 20 in Fighting
 49028 | Vaults:1 | Reached XP level 19. HP: 195/197 MP: 26/26
 49950 | Vaults:2 | Identified the +2 barding "Nerphut" {Regen+ rCorr Str-3
                  | Dex+7} (Okawaru gifted it to you on level 2 of the Vaults)
 49950 | Vaults:2 | Received a gift from Okawaru
 50814 | Vaults:3 | Noticed Margery
 51270 | Vaults:3 | Killed Margery
 51312 | Vaults:3 | Noticed Saint Roka
 51339 | Vaults:3 | Killed Saint Roka
 51444 | Vaults:3 | Found a staircase to the Crypt.
 51650 | Vaults:3 | Identified the +5 mace of Glory {flame, rPois Dex+4 Stlth-}
 51901 | Vaults:3 | Learned a level 3 spell: Vhi's Electric Charge
 51997 | Vaults:3 | Noticed Mennas
 52081 | Vaults:2 | Killed Mennas
 53099 | Vaults:4 | Found Joemeh's Weapon Shoppe.
 53385 | Vaults:4 | Received a gift from Okawaru
 53513 | Vaults:4 | Received a gift from Okawaru
 53601 | Vaults:4 | Received a gift from Okawaru
 53705 | Vaults:4 | Reached XP level 20. HP: 207/208 MP: 30/30
 53778 | Vaults:4 | Found a large runed translucent door.
 53778 | Vaults:4 | Found a large runed translucent door.
 53778 | Vaults:4 | Noticed Olyjoun's ghost (adept GnHW)
 53778 | Vaults:4 | Noticed Ulaemata's ghost (adept HaHu)
 53869 | Vaults:4 | Found a portal to a secret trove of treasure.
 54098 | Vaults:4 | Noticed Frederick
 54113 | Vaults:4 | Killed Frederick
 54115 | Vaults:4 | Reached skill level 21 in Fighting
 54271 | Vaults:4 | Received a gift from Okawaru
 54490 | Vaults:4 | Received a gift from Okawaru
 54986 | Elf:1    | Entered Level 1 of the Elven Halls
 55539 | Elf:1    | Identified the +5 pair of gloves of Olarghock {rPois rN+}
                  | (Okawaru gifted it to you on level 1 of the Elven Halls)
 55539 | Elf:1    | Received a gift from Okawaru
 55968 | Elf:2    | Found a flickering gateway to a bazaar.
 55977 | Bazaar   | Entered a bazaar
 55977 | Bazaar   | Found Astro's Jewellery Shoppe.
 55977 | Bazaar   | Found Ile Zism's Distillery.
 55979 | Bazaar   | Found Orua's Assorted Antiques.
 55995 | Bazaar   | Found Qunyhuise's General Store.
 55999 | Bazaar   | Bought a potion of curing for 48 gold pieces
 55999 | Bazaar   | Bought a potion of mutation for 128 gold pieces
 55999 | Bazaar   | Bought a potion of curing for 48 gold pieces
 55999 | Bazaar   | Bought a potion of curing for 48 gold pieces
 55999 | Bazaar   | Bought a potion of heal wounds for 80 gold pieces
 55999 | Bazaar   | Bought 2 potions of might for 128 gold pieces
 55999 | Bazaar   | Bought a potion of cancellation for 128 gold pieces
 56007 | Bazaar   | Bought a scroll of magic mapping for 82 gold pieces
 56292 | Elf:2    | Found a huge runed translucent gate.
 56292 | Elf:2    | Found a huge runed translucent gate.
 56292 | Elf:2    | Found a huge runed translucent gate.
 56292 | Elf:2    | Found a huge runed translucent gate.
 56297 | Elf:2    | Found a huge runed translucent gate.
 56528 | Elf:2    | Reached skill level 10 in Translocations
 57451 | Elf:3    | Entered Level 3 of the Elven Halls
 57458 | Elf:3    | Found Neluloywn's Antique Armour Boutique.
 57618 | Elf:3    | Reached XP level 21. HP: 219/219 MP: 34/34
 57710 | Elf:3    | Killed from afar by a deep elf sorcerer

Illustrated notes

Levels and vault maps discovered:
D:1:      dpeg_arrival_boxorama, layout_loops_ring
D:2:      layout_basic, nicolae_underground_beach
D:3:      layout_loops_ring, gammafunk_ghost_gnarly_gnolls, serial_shops, shop,
          saegor_snake_ambush
D:4:      layout_loops_ring, minmay_temple_entry_crystal_x, serial_shops,
          shop_statue, kennysheep_mini, nicolae_shop_waterfront,
          nicolae_shop_hallway_plus, shop, uniq_natasha
D:5:      gammafunk_wand_slinger, layout_cave_pods,
          lemuel_mausoleum_altar_kikubaaqudgha
D:6:      layout_basic, grunt_ministairs_7, nrook_loot_triangle
D:7:      minmay_the_grid_triangle_9x9_rhombus_full
          [minmay_the_grid_triangle_9x9_dagger,
          minmay_the_grid_triangle_9x9_sprig,
          minmay_the_grid_triangle_9x9_subtriangle,
          minmay_the_grid_triangle_9x9_swiss_cheese,
          minmay_the_grid_triangle_9x9_minimal,
          minmay_the_grid_triangle_9x9_descending_squares,
          minmay_the_grid_triangle_9x9_limited_checkers,
          minmay_the_grid_triangle_9x9_prize_insulated], layout_cave_pools,
          enter_bailey_5, serial_column_ruins, column_ruins_hut_ruined,
          column_ruins_square_large, column_ruins_grid_4, column_ruins_grid_1,
          column_ruins_open_small
D:8:      layout_loops_ring, hellmonk_scale_shop
D:9:      minmay_goldmine, layout_cave_pools, elyvilon_altar_3, minmay_puff
D:10:     layout_rooms, okawaru_ov_weapons_minmay,
          grunt_dithmenos_smoke_and_mirrors, minmay_lair_entry_grove,
          solitary_fountain, minmay_fractal_squares_diagonal_5
D:11:     layout_irregular_city, david_orc_2, st_stairs_12, corner_web_ring,
          small_statue_intersection, minmay_unpleasant_kobolds
D:12:     layout_basic, special_room [special_room_bee], uniq_kirke, uniq_urug
D:13:     layout_basic, gauntlet_entry_generic
D:14:     layout_loops_cross, david_vaults_2,
          ploomutoo_gammafunk_ghost_potion_laboratory, corexii_corridor_pit,
          uniq_josephine
D:15:     grunt_enter_depths_hoard, layout_loops_ring, fedhas_altar_4
Temple:   hc_temple_tempest_star
Lair:1:   layout_hall_layers
Lair:2:   layout_regular_city, guppyfry_snake_entry_garden, serial_bayou_shore_a
Lair:3:   layout_misc_corridors, skrybe_swamp_entry_bodies
Lair:4:   layout_misc_corridors, nzn_masters_of_martial_movement
Lair:5:   grunt_lair_end_beastmaster, layout_cave_pods, slime_entry_1
Swamp:1:  layout_basic_swamp, evilmike_swamp_ruin_house_4, swamp_pool5
Swamp:2:  layout_basic_swamp, serial_swamp_ruin, evilmike_swamp_ruin_house_5,
          evilmike_swamp_ruin_house_3, swamp_pool2, nicolae_swamp_tree_designs
Swamp:3:  cheibrodos_swamp_monstrosity, layout_basic_swamp,
          nicolae_swamp_feature_on_the_river_bank, swamp_pool5,
          hangedman_swamp_blocks
Swamp:4:  byrel_swamp_growth_death_and_undeath, layout_basic_swamp, swamp_pool1,
          grunt_lady_of_the_lake
Snake:1:  layout_concentric_octagons, portal_ice_cave_entry_ice_statue_two,
          nicolae_snake_omega, uniq_agnes
Snake:2:  layout_layer_cave, ebering_ghost_inner_flame, minmay_shop_grid_forest,
          nicolae_elevator_lobby_asterisk
Snake:3:  nicolae_sea_snake_s, layout_concentric_octagons, serial_bayou_shore_b,
          minmay_shop_grove
Snake:4:  snake_pit, layout_onion
Orc:1:    layout_caves, serial_shops, nicolae_shop_hallway_stairs,
          lightli_orcish_oven
Orc:2:    st_orc_town, layout_caves, serial_shops, shop
Elf:1:    layout_geoelf_diagonals, minmay_elf_crystal_hexagon
Elf:2:    elven_hall_of_blades_hangedman_alternative [nicolae_blade_lattice],
          layout_loops_cross, serial_shops, bzr_in_the_mist,
          hangedman_elven_ridges, minivault_8
Elf:3:    minmay_elf_hall_furrowed, layout_geoelf_octagon, serial_shops,
          nicolae_shop_temple_entry_statues_fountains
Vaults:1: nicolae_vaults_fighting_squares, v_pattern_2,
          ontoclasm_vaults_ring_small, v_misc_18, vaults_room_ringed_pool,
          v_alt_pattern_5, hangedman_vaults_restitches,
          vaults_mumra_chevron_long, hangedman_vaults_snaps,
          nicolae_vaults_network_quinsquares
          [nicolae_vaults_network_quincunx_subvault,
          nicolae_vaults_network_quincunx_subvault,
          nicolae_vaults_network_quincunx_subvault,
          nicolae_vaults_network_quincunx_subvault],
          ontoclasm_vaults_ring_large, layout_vaults_ring
Vaults:2: vaults_dpeg_doors, v_misc_12, ontoclasm_vaults_ring_small,
          ontoclasm_vaults_chip, v_pattern_1, layout_vaults_big_room
Vaults:3: v_rooms_1, nicolae_vaults_ring_of_whatevers, hangedman_vaults_pinch,
          v_misc_19, minmay_crypt_entry_simple_round,
          ontoclasm_vaults_misaligned, nicolae_vaults_theta,
          nicolae_vaults_network_barrier, ontoclasm_vaults_bender,
          hangedman_vaults_trim, layout_vaults_omnicross, uniq_mennas,
          uniq_margery, uniq_saint_roka
Vaults:4: advil_vaults_ghost_guards, nicolae_vaults_disjoint_gnomons,
          vaults_dpeg_hooks, v_misc_13, hangedman_vaults_river_flow, v_misc_32,
          vaults_room_pool, nicolae_vaults_murderbox, layout_vaults_omnigrid,
          serial_shops, nicolae_shop_hallway_stairs, enter_trove_0,
          uniq_frederick

Skill      XL: |  1  2  3  4  5  6  7  8  9 10 11 12 13 14 15 16 17 18 19 20 |
---------------+-------------------------------------------------------------+-----
Throwing       | 2 3 4 5 6 8 9 10 | 10.9
Fighting       | 2 3 4 5 6 8 9 10 11 13 14 15 17 20 21 | 21.6
Maces & Flails | 3 4 5 6 7 8 9 10 11 13 14 15 16 | 16.0
Dodging        | 3 4 |  4.1
Armour         | 4 6 8 10 13 15 | 15.0
Shields        | 1 5 8 10 | 10.0
Invocations    | 6 9 10 11 13 | 13.5
Translocations | 2 5 8 10 | 10.0
Spellcasting   | 1 5 7 9 |  9.5

Action                   |  1- 3 |  4- 6 |  7- 9 | 10-12 | 13-15 | 16-18 | 19-21 || total
-------------------------+-------+-------+-------+-------+-------+-------+-------++-------
Melee: Flail             |   118 |    18 |       |   388 |   528 |       |       ||  1052
       Tailslap          |    12 |    12 |    72 |   172 |   225 |   339 |   246 ||  1078
       Punch             |     1 |       |     6 |     7 |       |       |       ||    14
       Whip              |       |   102 |   416 |   614 |       |       |       ||  1132
       Morningstar       |       |       |       |       |   874 |  1601 |  1235 ||  3710
Throw: Javelin           |       |       |       |       |    10 |       |     4 ||    14
       Throwing net      |       |       |       |       |     1 |       |       ||     1
Invok: Heroism           |       |       |       |       |     2 |     4 |     3 ||     9
  Use: Scroll            |       |     5 |     5 |    12 |    12 |     3 |     7 ||    44
       Potion            |       |       |     3 |     4 |     2 |     9 |     4 ||    22
Armor: Leather armour    |    26 |       |       |       |       |       |       ||    26
       Ring mail         |    30 |    34 |    34 |       |       |       |       ||    98
       Plate armour      |       |       |   118 |    14 |       |       |       ||   132
       Chain mail        |       |       |       |   554 |   878 |   985 |   854 ||  3271
Dodge: Dodged            |    40 |    42 |   106 |   271 |   354 |   442 |   205 ||  1460
Block: Other             |    21 |    22 |    77 |   131 |       |       |       ||   251
       Reflection        |     1 |     1 |     6 |    11 |    37 |   112 |    99 ||   267
       Kite shield       |       |       |       |   350 |  1408 |  1397 |  1067 ||  4222

Table legend: (Time is in decaauts)
 A = Elapsed time spent in this place.
 B = Non-inter-level travel time spent in this place.
 C = Inter-level travel time spent in this place.
 D = Time resting spent in this place.
 E = Time spent auto-exploring this place.
 F = Levels seen in this place.
 G = Mean time per level.
                   A        B        C        D        E       F      G
               +--------+--------+--------+--------+--------+-----+--------+
         Total |  56892 |  53821 |   3071 |  14913 |  27376 |  42 | 1354.6 |
       Dungeon |  23849 |  21948 |   1901 |   7304 |  10625 |  15 | 1589.9 |
        Temple |    230 |    197 |     33 |      0 |    182 |   1 |  230.0 |
          Lair |   8556 |   8109 |    447 |   2824 |   3791 |   5 | 1711.2 |
         Swamp |   3397 |   3288 |    109 |    537 |   1945 |   4 |  849.2 |
     Snake Pit |   5610 |   5453 |    157 |   1240 |   2773 |   4 | 1402.5 |
  Orcish Mines |   2822 |   2734 |     88 |    769 |   1454 |   2 | 1411.0 |
   Elven Halls |   2585 |   2505 |     80 |    346 |   1420 |   3 |  861.7 |
        Vaults |   7170 |   6918 |    252 |    977 |   4307 |   4 | 1792.5 |
        Bazaar |     52 |     52 |      0 |      0 |     28 |   1 |   52.0 |
        Bailey |    777 |    777 |      0 |    456 |    118 |   1 |  777.0 |
      Ice Cave |    955 |    955 |      0 |    336 |    301 |   1 |  955.0 |
      Gauntlet |    884 |    884 |      0 |    122 |    432 |   1 |  884.0 |
               +--------+--------+--------+--------+--------+-----+--------+

Top non-repeatable levels by time:
  Lair:4: 3013 daAuts
     D:9: 2807 daAuts
     D:7: 2531 daAuts
     D:5: 2376 daAuts
     D:8: 2245 daAuts
  Lair:5: 2200 daAuts
 Snake:3: 2153 daAuts
Vaults:2: 2107 daAuts
    D:10: 2026 daAuts
Vaults:1: 2004 daAuts
   Orc:2: 1800 daAuts
    D:11: 1753 daAuts
     D:4: 1748 daAuts
Vaults:4: 1667 daAuts
 Snake:4: 1494 daAuts
